 Dungeon Crawl Stone Soup version 0.29.1 (webtiles) character file.

Game seed: 15206145536882743857

7 Artool the Ducker (level 1, 0/16 HPs)
             Began as a Demonspawn Gladiator on Sept 14, 2022.
             Slain by a quokka (3 damage)
             ... on level 1 of the Dungeon.
             The game lasted 00:00:44 (240 turns).

Artool the Ducker (Demonspawn Gladiator)             Turns: 240, Time: 00:00:45

Health: 0/16       AC:  4    Str: 14    XL:     1   Next: 83%
Magic:  1/1        EV: 12    Int:  9    God:
Gold:   26         SH:  0    Dex: 14    Spells: 0/0 levels left

rFire   . . .      SeeInvis .   a - +0 flail
rCold   . . .      Faith    .   (no shield)
rNeg    . . .      Spirit   .   b - +0 leather armour
rPois   .          Reflect  .   c - +0 helmet
rElec   .          Harm     .   (no cloak)
rCorr   .          Rampage  .   (no gloves)
Will    .....                   (no boots)
Stlth   +.........              (no amulet)
HPRegen 0.05/turn               (no ring)
MPRegen 0.07/turn               (no ring)

@: no status effects
A: no striking features
a: no special abilities


You were on level 1 of the Dungeon.
You visited 1 branch of the dungeon, and saw 1 of its levels.

You collected 26 gold pieces.

Inventory:

Hand Weapons
 a - a +0 flail (weapon)
Missiles
 d - 3 throwing nets (quivered)
 e - a javelin
 f - 2 boomerangs
Armour
 b - a +0 leather armour (worn)
 c - a +0 helmet (worn)
Scrolls
 g - a scroll of poison {unknown}


   Skills:
 + Level 2.1 Fighting
 + Level 2.8 Maces & Flails
 + Level 1.9 Throwing
 + Level 0.3 Armour
 + Level 2.8 Dodging


You couldn't memorise any spells.
You didn't know any spells.
Your spell library was empty.

Dungeon Overview and Level Annotations

Branches:
Dungeon (1/15)

Altars:


Message History

There is a dry fountain here.
There is a dry fountain here.
A kobold comes into view. It is wielding a +0 whip.
A goblin comes into view. It is wielding a +0 dagger.
The goblin shouts!
A ball python comes into view.
The kobold shouts!
A bat comes into view.
A quokka comes into view.
Found 14 gold pieces.
The goblin closely misses you.
You sock the goblin!
You kill the goblin!
The bat closely misses you.
Found a ring mail.
The bat hits you but does no damage.
The ball python bites you but does no damage.
The ball python grabs you. The ball python constricts you.
The ball python barely misses you. The ball python constricts you.
You see here a +0 dagger.
You hit the ball python.
The ball python is severely wounded.
The bat closely misses you. The kobold hits you but does no damage.
The ball python misses you. The ball python constricts you.
You barely miss the ball python.
The ball python is severely wounded.
The bat closely misses you. The ball python barely misses you.
The ball python constricts you.
A frilled lizard comes into view.
The kobold hits you with a +0 whip. The ball python bites you.
The ball python constricts you. The kobold hits you with a +0 whip.
You escape the ball python's grasp.
The kobold attacks as you move away! The kobold hits you with a +0 whip.
* * * LOW HITPOINT WARNING * * *
The frilled lizard hisses angrily.
The bat barely misses you. The quokka closely misses you.
The bat hits you but does no damage. The kobold attacks as you move away!
The kobold closely misses you. The bat barely misses you.
You barely miss the bat. The bat hits you but does no damage.
The quokka bites you.
You die...

# ...................
.[ #######.##.##......
#. #......# .#.##.
.###.## #.###..## #.
#. .......######.#
...# # #.
...........##.####..#
#
...........##.#.....#.
.........K.##.........
....l..).r@.b.........
#........S.#.......##.
. .$####.#####..####.#
.. ... #..# # .. #.##.
#..# .. .. #..# . #.
.... .. ....


You could see a quokka, a bat, a ball python, a kobold and a frilled lizard.

Vanquished Creatures
  A goblin (D:1)
  2 hobgoblins (D:1)
  A kobold (D:1)
  2 ball pythons (D:1)
6 creatures vanquished.

Vanquished Creatures (others)
  4 plants (D:1)
4 creatures vanquished.

Grand Total: 10 creatures vanquished

Notes
Turn   | Place    | Note
-------+----------+-------------------------------------------
     0 | D:1      | Artool the Demonspawn Gladiator began the quest for the
                  | Orb.
     0 | D:1      | Reached XP level 1. HP: 16/16 MP: 1/1
   205 | D:1      | Found a faded altar of an unknown god.
   240 | D:1      | Slain by a quokka

Illustrated notes

Levels and vault maps discovered:
D:1:      roderic_crop_circles_arrival_small, layout_basic,
          hellmonk_ecumenical_altar_run_dry, minivault_23, serial_park_tiny_pond

Action                   || total
-------------------------++-------
Melee: Flail             ||    21
Armor: Leather armour    ||    11
Dodge: Dodged            ||    24
